 Dungeon Crawl Stone Soup version 0.17.1-3-g152610e (webtiles) character file.

29 Yevrel the Skirmisher (level 3, -2/33 HPs)
             Began as a Hill Orc Fighter on Apr 5, 2016.
             Was an Initiate of Okawaru.
             Slain by a goblin
             ... wielding a +0 club
             ... led by Robin
              (3 damage)
             ... on level 2 of the Dungeon.
             The game lasted 00:01:51 (1251 turns).

Yevrel the Skirmisher (Hill Orc Fighter)            Turns: 1251, Time: 00:01:52

Health: -2/33      AC:  6    Str: 19    XL:     3   Next: 16%
Magic:  3/3        EV:  7    Int:  8    God:    Okawaru [......]
Gold:   73         SH:  9    Dex: 10    Spells: 0 memorised, 2 levels left

rFire  . . .     SeeInvis .     a - +0 flail
rCold  . . .     Clarity  .     b - +0 scale mail
rNeg   . . .     SustAt   .     c - +0 shield
rPois  .         Gourm    .     (no helmet)
rElec  .         Spirit   .     (no cloak)
rCorr  .         Warding  .     (no gloves)
rMut   .         Stasis   .     (no boots)
MR     .....                    (no amulet)
Stlth  ..........               (no ring)
                                (no ring)

@: slowed, very slow, not resistant to hostile enchantments, extremely
unstealthy
A: no striking features
a: Renounce Religion


You were on level 2 of the Dungeon.
You worshipped Okawaru.
Okawaru was noncommittal.
You were very hungry.

You visited 1 branch of the dungeon, and saw 2 of its levels.

You collected 73 gold pieces.

Inventory:

Hand Weapons
 a - a +0 flail (weapon)
Armour
 b - a +0 scale mail (worn)
 c - a +0 shield (worn)
Scrolls
 g - a scroll of recharging {unknown}
 l - a scroll of teleportation {unknown}
 p - a scroll of enchant weapon {unknown}
 q - a scroll of identify {unknown}
Potions
 d - a potion of might
 f - a potion of agility {unknown}
 h - 2 potions of cure mutation {unknown}
 i - 2 potions of mutation {unknown}
 j - a potion of ambrosia {unknown}
 k - a potion of cancellation {unknown}
 m - a potion of flight {unknown}
 o - 2 potions of curing {unknown}
Comestibles
 e - 3 bread rations
 n - a meat ration


   Skills:
 + Level 4.3 Fighting
 + Level 2.4 Maces & Flails
 + Level 3.2 Armour
 + Level 1.0 Dodging
 + Level 3.5 Shields


You had 2 spell levels left.
You didn't know any spells.

Dungeon Overview and Level Annotations

Branches:
Dungeon (2/15)

Altars:
Dithmenos
Okawaru
Vehumet

Annotations:
D:2 Natasha, Robin


Message History

The goblin closely misses you. You block the goblin's attack.
The goblin barely misses you. You block the goblin's attack.
You block Natasha's attack.
You closely miss the goblin. The goblin barely misses you.
You block the goblin's attack. x2
The goblin barely misses you. Natasha barely misses you.
The goblin closely misses you. The goblin hits you but does no damage.
The goblin hits you but does no damage.
Natasha casts a spell.
The goblin hits you with a club.
* * * LOW HITPOINT WARNING * * *
A goblin comes into view.
The goblin shouts!
You hit the goblin.
You kill the goblin!
Okawaru accepts your kill. The goblin hits you but does no damage.
The goblin closely misses you.
Natasha casts a spell.
The goblin hits you with a club.
You die...

#############
########.......g@gg#
...............ggh.g.>#
###......#########5##.#
###.######## 5#
#...>....... #
#.#.######## #.#.#
#.#.# ..#.#


You could see Robin, Natasha, a crimson imp, a shadow imp, a hobgoblin
(frenzied) and 4 goblins.

Vanquished Creatures
  An ooze (D:2)
  A ball python (D:2)
  3 giant cockroaches
  4 hobgoblins
  2 kobolds (D:1)
  2 bats
  2 giant newts
  6 goblins
  4 rats
25 creatures vanquished.

Notes
Turn   | Place    | Note
--------------------------------------------------------------
     0 | D:1      | Yevrel the Hill Orc Fighter began the quest for the Orb.
     0 | D:1      | Reached XP level 1. HP: 19/19 MP: 1/1
   196 | D:1      | Reached skill level 4 in Fighting
   215 | D:1      | Reached XP level 2. HP: 22/27 MP: 2/2
   902 | D:2      | Found an iron altar of Okawaru.
   913 | D:2      | Became a worshipper of Warmaster Okawaru
   935 | D:2      | Reached XP level 3. HP: 33/33 MP: 3/3
   995 | D:2      | Found a radiant altar of Vehumet.
   996 | D:2      | Found a shadowy altar of Dithmenos.
  1184 | D:2      | Reached skill level 1 in Dodging
  1243 | D:2      | Noticed Natasha
  1244 | D:2      | Noticed Robin
  1250 | D:2      | HP: 1/33 [goblin/club[Robin] (3)]
  1251 | D:2      | Slain by a goblin

Action                   || total
-------------------------++-------
Melee: Flail             ||    97
